Map: Ruby Rock LE

Players

ShoWTimE - Winner!

  • Race: Protoss Protoss
  • League: Master
  • Spawn Location: 11:00

SZsOs (sOs)

  • Race: Protoss Protoss
  • League: Master
  • Spawn Location: 5:00

VOD

Have the link to the VOD?

Description

Time

  • Played on: Feb. 1, 2026, 6:33 a.m.
  • Length: 12:39
Show
View Real Time Build Order
Export as new Build Order

ShoWTimE Protoss - Winner!

Build Orders: Oracle Opening 

Get SALT Encoding   

  12  0:00  Probe  
  13  0:12  Probe  
  14  0:16  Pylon  
  14  0:23  Probe  
  15  0:31  Probe  
  16  0:35  Gateway  
  16  0:39  Probe  
  16  0:45  Assimilator  
  17  0:50  Probe  
  17  0:53  Assimilator  
  18  0:59  Probe  
  19  1:07  Probe, Gateway  
  19  1:17  Probe  
  20  1:22  Cybernetics Core  
  21  1:29  Probe  
  22  1:34  Pylon  
  22  1:41  Probe  
  23  1:53  Probe  
  24  1:58  Adept x2  
  24  1:59  Warp Gate  
  28  2:05  Probe  
  29  2:09  Stargate  
  29  2:14  Pylon  
  29  2:21  Probe  
  30  2:29  Stalker  
  30  2:31  Stalker  
  34  2:38  Probe  
  34  2:43  Pylon  
  35  2:46  Oracle  
  38  2:59  Probe  
  39  3:18  Probe  
  40  3:24  Nexus  
  40  3:29  Shield Battery  
  40  3:37  Probe  
  41  3:47  Robotics Facility  
  41  3:51  Sentry  
  41  3:52  Sentry  
  43  3:58  Shield Battery  
  43  4:07  Gateway  
  42  4:10  Shield Battery  
  42  4:17  Stalker  
  42  4:20  Stalker  
  46  4:26  Immortal  
  50  4:40  Probe x2  
  52  4:47  Sentry  
  54  4:55  Probe x2  
  54  4:57  Pylon  
  56  5:02  Immortal  
  60  5:14  Shield Battery  
  60  5:18  Stalker, Zealot  
  64  5:24  Stalker  
  66  5:31  Pylon  
  64  5:45  Stalker x2  
  58  5:50  Immortal  
  58  5:53  Zealot  
  58  5:55  Probe x2  
  62  5:59  Shield Battery  
  62  6:00  Shield Battery  
  66  6:12  Zealot  
  66  6:14  Zealot x2  
  66  6:16  Probe x2  
  74  6:20  Immortal  
  73  6:36  Stalker  
  73  6:37  Zealot  
  72  6:42  Probe  
  72  6:43  Assimilator  
  73  6:52  Pylon, Stalker  
  75  6:56  Probe x2  
  75  7:01  Shield Battery  
  75  7:07  Warp Prism  
  77  7:15  Stalker  
  79  7:17  Probe x2  
  79  7:23  Zealot  
  79  7:29  Probe, Twilight Council  
  82  7:31  Probe  
  83  7:40  Resonating Glaives  
  83  7:41  Probe  
  83  7:43  Observer  
  85  7:48  Gateway  
  85  7:50  Probe  
  86  7:52  Pylon  
  86  8:10  Gateway, Probe  
  86  8:11  Pylon  
  86  8:12  Gateway  
  87  8:14  Observer  
  88  8:20  Nexus  
  88  8:29  Gateway  
  88  8:30  Gateway  
  88  8:36  Pylon  
  88  8:38  Adept x2  
  92  8:42  Adept  
  94  8:49  Adept  
  96  9:01  Adept  
  96  9:02  Adept  
  100  9:03  Immortal  
  100  9:07  Pylon  
  104  9:13  Shield Battery  
  104  9:22  Adept x3  
  110  9:31  Adept  
  110  9:32  Adept x2  
  116  9:42  Adept x2  
  116  9:44  Pylon  
  120  9:48  Adept x2  
  120  9:50  Adept  
  126  10:02  Adept x3  
  116  10:45  Phoenix  
  116  10:46  Phoenix  
  116  10:48  Nexus, Pylon  
  85  11:09  Shield Battery x2  
  85  11:10  Shield Battery  
  85  11:11  Shield Battery  
  85  12:07  Pylon  
  85  12:17  Gateway  
  85  12:24  Pylon  
Show
View Real Time Build Order
Export as new Build Order

SZsOs Protoss 

Build Orders: Phoenix Opening, Blink Stalkers 

Get SALT Encoding   

  12  0:00  Probe  
  13  0:12  Probe  
  14  0:17  Pylon  
  14  0:24  Probe  
  15  0:32  Probe  
  15  0:35  Gateway  
  15  0:40  Probe  
  16  0:46  Assimilator  
  17  0:50  Probe  
  17  0:54  Assimilator  
  18  0:59  Probe  
  19  1:07  Probe  
  19  1:08  Gateway  
  20  1:17  Probe  
  20  1:23  Cybernetics Core  
  21  1:29  Probe  
  22  1:33  Pylon  
  22  1:41  Probe  
  23  1:54  Probe  
  24  1:56  Stalker  
  24  2:00  Warp Gate, Sentry  
  28  2:01  Phoenix  
  28  2:10  Pylon  
  28  2:21  Twilight Council  
  28  2:26  Stalker  
  30  2:36  Stalker  
  32  2:46  Blink  
  32  2:57  Pylon  
  32  3:02  Shield Battery  
  32  3:07  Gateway  
  32  3:13  Stalker  
  32  3:15  Pylon  
  34  3:23  Stalker  
  36  4:02  Stalker x2  
  36  4:03  Stalker  
  36  4:08  Nexus  
  42  4:20  Pylon  
  42  4:35  Stalker x2  
  46  4:39  Stalker  
  48  5:01  Stalker x2  
  48  5:03  Stalker  
  54  5:25  Stalker x2  
  50  5:50  Stalker  
  50  5:51  Stalker x2  
  50  5:54  Probe  
  55  6:00  Probe  
  56  6:15  Stalker x3  
  60  6:19  Probe  
  61  6:33  Probe  
  61  6:38  Probe  
  62  6:41  Probe  
  62  6:47  Probe, Stalker x3  
  64  6:49  Probe  
  72  6:57  Probe  
  72  7:01  Charge, Probe  
  74  7:09  Probe x2  
  74  7:17  Pylon  
  74  7:20  Probe  
  74  7:21  Probe  
  72  7:27  Zealot x2  
  78  7:31  Phoenix  
  78  7:34  Gateway  
  78  7:38  Zealot  
  78  7:42  Assimilator  
  80  7:46  Assimilator  
  80  7:48  Stalker  
  80  7:51  Gateway  
  82  7:52  Templar Archives  
  80  8:05  Zealot x2, Probe  
  85  8:07  Pylon  
  85  8:14  Gateway  
  85  8:15  Pylon  
  85  8:21  Gateway  
  85  8:26  Shield Battery  
  85  8:33  Probe  
  86  8:40  High Templar  
  88  8:42  High Templar  
  88  8:47  Archon  
  89  8:48  Probe  
  89  8:49  Zealot x2  
  94  8:58  Pylon, Nexus  
  94  9:00  Pylon  
  94  9:17  High Templar x2  
  94  9:21  High Templar x2  
  94  9:23  Archon  
  94  9:24  Zealot x2  
  106  9:28  Archon  
  106  9:32  Probe x2, Forge  
  97  10:22  Photon Cannon  
  97  10:25  Shield Battery  
  60  11:00  Pylon  
  45  11:12  Sentry x3  
  51  11:31  Phoenix  
  51  11:48  Pylon  
Tags
 
Add a new tag
Caveats
  • Supply blocks, unpowered buildings, or Contaminate may cause inaccurate times.
  • Supply counts are checked every 10 seconds.